[Event "Titled Tuesday Blitz April 18 Early 2023"]
[White "Averjanov, Alexey"]
[Black "micke12a"]
[WhiteFideId "14109867"]
[WhiteElo "2624"]
[BlackElo "2315"]
[Result "0-1"]
[Round "01"]
[TimeControl "180+2"]
[Date "2023.04.18"]
[WhiteClock "0:00:16"]
[BlackClock "0:00:11"]

1. d4 d5 2. c4 c6 3. e3 Nf6 4. Bd3 g6 5. Nd2 Bg7 6. b3 O-O 7. Ngf3 a5 8. a3 Re8 9. Bb2 Nbd7 10. O-O b6 11. Qe2 Bb7 12. e4 dxe4 13. Nxe4 c5 14. d5 Nxe4 15. Bxg7 Kxg7 16. Bxe4 e6 17. Qb2+ Qf6 18. Qd2 Rad8 19. Rad1 exd5 20. Bxd5 Ne5 21. Nxe5 Rxe5 22. Rfe1 Bxd5 23. Rxe5 Qxe5 24. cxd5 Rd6 25. a4 h5 26. h4 Kh7 27. Qd3 Kg7 28. g3 Kf6 29. Kg2 Kg7 30. Qf3 f5 31. Rd3 Kf6 32. Rd2 Qe4 33. Qxe4 fxe4 34. Re2 Kf5 35. Rd2 Ke5 36. f4+ exf3+ 37. Kxf3 Rxd5 38. Re2+ Kf5 39. Re3 Rd1 40. Ke2 Rd4 41. Kf3 c4 42. bxc4 Rxc4 43. Rb3 Rb4 44. Ra3 g5 45. hxg5 Kxg5 46. Rd3 Kf5 47. Rd5+ Ke6 0-1


[Site "https://www.chess.com"]

[Event "Titled Tuesday Blitz April 18 Early 2023"]
[White "Novikova, Galina"]
[Black "Hua, Lefong"]
[WhiteFideId "4157095"]
[BlackFideId "2602253"]
[WhiteElo "1953"]
[BlackElo "2624"]
[Result "0-1"]
[Round "01"]
[TimeControl "180+2"]
[Date "2023.04.18"]
[WhiteClock "0:00:08"]
[BlackClock "0:00:38"]

1. e4 c5 2. Nf3 g6 3. d4 cxd4 4. Nxd4 Bg7 5. Nc3 Nc6 6. Be3 Nf6 7. Nxc6 bxc6 8. e5 Nd5 9. Nxd5 cxd5 10. Qxd5 Rb8 11. O-O-O O-O 12. f4 d6 13. Bc4 Bb7 14. Qd2 dxe5 15. Qxd8 Rbxd8 16. fxe5 Bxg2 17. Rhg1 Bc6 18. Bxa7 Bxe5 19. h4 Kg7 20. Bc5 Bf6 21. h5 Rxd1+ 22. Rxd1 g5 23. b4 Bf3 24. Re1 Rc8 25. Be2 Bc3 26. Bxf3 Bxe1 27. Bd4+ f6 28. b5 e5 29. Ba7 Rc3 30. Be4 g4 31. Kb2 Rh3 32. a4 g3 33. Bc5 Bf2 34. Bxf2 gxf2 35. Bd3 Rxd3 36. cxd3 f1=Q 37. Kc3 Qe1+ 38. Kc4 Qa5 0-1


[Site "https://www.chess.com"]

[Event "Titled Tuesday Blitz April 18 Early 2023"]
[White "Seemann, Jakub"]
[Black "Karthik Sai Ch"]
[WhiteFideId "21874697"]
[BlackFideId "46649484"]
[WhiteElo "2364"]
[BlackElo "2003"]
[Result "1-0"]
[Round "01"]
[TimeControl "180+2"]
[Date "2023.04.18"]
[WhiteClock "0:00:09"]
[BlackClock "0:00:56"]

1. e4 c6 2. d4 d5 3. exd5 cxd5 4. Bd3 Nc6 5. c3 Qc7 6. Nf3 Bg4 7. O-O e5 8. dxe5 Nxe5 9. Re1 Bd6 10. Qa4+ Bd7 11. Bb5 Bc6 12. Bf4 f6 13. Nd4 Ne7 14. Ne6 Qd7 15. Bxc6 bxc6 16. Nxg7+ Kf7 17. Nh5 Qg4 18. Ng3 h5 19. h3 Nf3+ 20. gxf3 Qxf4 21. Qxf4 Bxf4 22. Kf1 h4 23. Ne2 Bd6 24. Nd2 Rab8 25. Nb3 c5 26. Rab1 Rb6 27. Nd2 Rhb8 28. b3 a5 29. c4 d4 30. Nc1 f5 31. Nd3 Kf6 32. f4 Ng6 33. Nf3 Bxf4 34. Re2 Bd6 35. Rbe1 Bf8 36. Nfe5 Nxe5 37. Rxe5 a4 38. bxa4 Ra6 39. Nxc5 Bxc5 40. Rxc5 Rxa4 41. Ree5 Rb1+ 42. Kg2 Rxa2 43. Rxf5+ Kg6 44. Rg5+ Kf6 45. Rcf5+ Ke6 46. Rd5 Rd1 47. Rg4 d3 48. Re4+ Kf6 49. Red4 Rdd2 50. Rf4+ Ke6 51. Rf3 Ra3 52. Re3+ Kf6 53. c5 Rc3 54. c6 Rxc6 55. Rdxd3 Ra2 56. Rf3+ Kg5 57. Rd4 Rcc2 58. Rg4+ Kh5 59. Rf5+ Kh6 60. Rxh4+ Kg6 61. Rf3 Rc5 62. Rg4+ Kh6 63. Kg3 Raa5 64. Rff4 Rh5 65. Rh4 Rg5+ 66. Rfg4 Rxh4 67. Kxh4 Rh5+ 68. Kg3 Ra5 69. f3 Ra2 70. h4 Ra1 71. Rb4 Rg1+ 72. Kf4 Kh5 73. Kf5 Rf1 74. f4 Kxh4 75. Kf6 Kh5 76. f5 Kh6 77. Rh4# 1-0


[Site "https://www.chess.com"]

[Event "Titled Tuesday Blitz April 18 Early 2023"]
[White "Idnani, Roshan"]
[Black "Lamaze, Simon"]
[WhiteFideId "2072939"]
[BlackFideId "36069264"]
[WhiteElo "2313"]
[BlackElo "2272"]
[Result "0-1"]
[Round "01"]
[TimeControl "180+2"]
[Date "2023.04.18"]
[WhiteClock "0:00:53"]
[BlackClock "0:00:53"]

1. e4 c5 2. Nf3 e6 3. b3 d6 4. Bb2 e5 5. g3 Nc6 6. Bg2 Nf6 7. Qe2 Be7 8. O-O O-O 9. c3 Bg4 10. h3 Bh5 11. g4 Bg6 12. d3 d5 13. Nbd2 d4 14. cxd4 cxd4 15. Nc4 Nd7 16. a3 f6 17. b4 Bf7 18. Rac1 b5 19. Ncd2 Rc8 20. Nh4 Re8 21. f4 exf4 22. Rxf4 Bd6 23. Rff1 a5 24. bxa5 Qxa5 25. Nf5 Bf8 26. Nf3 Bxa3 27. Ra1 b4 28. Bxd4 b3 29. Bb2 Qb6+ 30. Kh1 Bxb2 31. Qxb2 Nb4 32. d4 Rxe4 33. Ne5 Nxe5 34. Bxe4 Ng6 35. Rac1 Rd8 36. Rfd1 Nd5 37. Rc5 Ndf4 38. Rdc1 Qa6 39. d5 Nd3 40. Qxb3 Nxc5 41. Rxc5 Qf1+ 42. Kh2 Qf2+ 43. Kh1 Qxc5 0-1


[Site "https://www.chess.com"]

[Event "Titled Tuesday Blitz April 18 Early 2023"]
[White "Danielyan, Vahe"]
[Black "chessjazda"]
[WhiteFideId "13304828"]
[WhiteElo "2423"]
[BlackElo "2310"]
[Result "1-0"]
[Round "01"]
[TimeControl "180+2"]
[Date "2023.04.18"]
[WhiteClock "0:00:17"]
[BlackClock "0:00:18"]

1. d4 c6 2. c4 g6 3. Nc3 f5 4. Nf3 Nf6 5. Bf4 d6 6. e3 Bg7 7. Bd3 O-O 8. h3 Na6 9. O-O Bd7 10. a3 c5 11. d5 Nc7 12. Rc1 a6 13. Rc2 b5 14. Re1 Rb8 15. Bh2 bxc4 16. Bxc4 Bb5 17. Nxb5 axb5 18. Ba2 b4 19. Bc4 Ne4 20. Qd3 Qd7 21. Nd2 Nxd2 22. Rxd2 bxa3 23. bxa3 Rb6 24. e4 f4 25. e5 Qf5 26. Qxf5 Rxf5 27. exd6 exd6 28. g4 Rf7 29. Re4 Nb5 30. Bxf4 Nxa3 31. Be3 Nxc4 32. Rxc4 Be5 33. Kg2 Rb2 34. Rxb2 Bxb2 35. Re4 Bf6 36. Re6 Be5 37. Bxc5 dxc5 38. Rxe5 Rd7 39. Kf3 Kf7 40. Ke4 Rc7 41. d6 Rc8 42. Kd5 c4 43. d7 Rd8 44. Kd6 c3 45. Rc5 Ra8 46. Rxc3 Ra6+ 47. Rc6 Ra1 48. d8=Q Rd1+ 49. Kc7 Rxd8 50. Kxd8 1-0


[Site "https://www.chess.com"]

[Event "Titled Tuesday Blitz April 18 Early 2023"]
[White "Itkis, Boris"]
[Black "Sadykov, Ramil"]
[WhiteFideId "1209167"]
[BlackFideId "24113590"]
[WhiteElo "2216"]
[BlackElo "2245"]
[Result "0-1"]
[Round "01"]
[TimeControl "180+2"]
[Date "2023.04.18"]
[WhiteClock "0:00:07"]
[BlackClock "0:00:16"]

1. c4 e6 2. Nf3 Nf6 3. g3 d5 4. b3 d4 5. Bg2 Nc6 6. O-O Bc5 7. d3 O-O 8. Na3 h6 9. Nc2 e5 10. a3 a5 11. Rb1 Qd6 12. Qe1 Ba7 13. b4 Re8 14. Nd2 Bf5 15. f3 Nd8 16. Ne4 Nxe4 17. fxe4 Bd7 18. Qf2 Rf8 19. Ne1 c6 20. c5 Qe7 21. Nf3 f5 22. Nh4 fxe4 23. Qxf8+ Qxf8 24. Rxf8+ Kxf8 25. Bxe4 axb4 26. axb4 Bb8 27. e3 Ne6 28. Bf5 Ke7 29. Bh3 Ra2 30. exd4 Nxd4 31. Bxd7 Kxd7 32. Be3 Nc2 33. Bf2 Ra4 34. b5 Ba7 35. bxc6+ Kxc6 36. Ng6 e4 37. dxe4 Rxe4 38. Rc1 Nd4 39. Bxd4 Rxd4 40. Nf4 Bxc5 41. Ne6 Rd1+ 0-1


[Site "https://www.chess.com"]

[Event "Titled Tuesday Blitz April 18 Early 2023"]
[White "Zarubitski, Viachaslau"]
[Black "Rosenberg, Evan S"]
[WhiteFideId "13509373"]
[BlackFideId "2019299"]
[WhiteElo "2284"]
[BlackElo "2309"]
[Result "1-0"]
[Round "01"]
[TimeControl "180+2"]
[Date "2023.04.18"]
[WhiteClock "0:00:04"]
[BlackClock "0:00:01"]

1. e4 e5 2. Nf3 Nc6 3. Bc4 Nf6 4. Ng5 d5 5. exd5 Na5 6. Bb5+ c6 7. dxc6 bxc6 8. Bd3 Nd5 9. Nf3 Bd6 10. O-O O-O 11. Re1 f5 12. Nxe5 Qf6 13. Nf3 g5 14. c4 Nf4 15. Bf1 c5 16. d4 Bb7 17. Nc3 cxd4 18. Qxd4 Bxf3 19. Qxf6 Rxf6 20. gxf3 Rc8 21. b3 Bb4 22. Bb2 Rd6 23. Red1 Rcd8 24. Rxd6 Rxd6 25. Nd5 Nxd5 26. cxd5 Bc5 27. Rd1 Kf7 28. Bc3 Nb7 29. b4 Bb6 30. a4 Kg6 31. Be5 Rd8 32. a5 Re8 33. axb6 1-0


[Site "https://www.chess.com"]

[Event "Titled Tuesday Blitz April 18 Early 2023"]
[White "Seder, Mohammed"]
[Black "Malek, Jan"]
[WhiteFideId "11505567"]
[BlackFideId "21864080"]
[WhiteElo "1862"]
[BlackElo "2255"]
[Result "0-1"]
[Round "01"]
[TimeControl "180+2"]
[Date "2023.04.18"]
[WhiteClock "0:00:26"]
[BlackClock "0:01:30"]

1. e4 c5 2. Nf3 Nc6 3. Bb5 a6 4. Bxc6 bxc6 5. d3 Qc7 6. e5 d6 7. Be3 Rb8 8. b3 Bg4 9. Nbd2 Nh6 10. Qe2 Nf5 11. exd6 Qxd6 12. Ne4 Qd5 13. Bxc5 e5 14. Bxf8 Kxf8 15. c3 Nh4 16. Qe3 Nxg2+ 0-1


[Site "https://www.chess.com"]

[Event "Titled Tuesday Blitz April 18 Early 2023"]
[White "Vaibhav Jayant Raut"]
[Black "Senft, Sean"]
[WhiteFideId "5089034"]
[BlackFideId "2044960"]
[WhiteElo "2156"]
[BlackElo "1989"]
[Result "1-0"]
[Round "01"]
[TimeControl "180+2"]
[Date "2023.04.18"]
[WhiteClock "0:01:14"]
[BlackClock "0:00:04"]

1. Nf3 c5 2. g3 g6 3. Bg2 Bg7 4. O-O Nc6 5. d3 d6 6. Nbd2 e5 7. e4 Nge7 8. a4 O-O 9. Nc4 Be6 10. Ne3 d5 11. Ng5 d4 12. Nxe6 fxe6 13. Nc4 Rb8 14. Bh3 Qd7 15. Qg4 Rf6 16. Bg5 h5 17. Qh4 Rf7 18. f4 exf4 19. Rxf4 Rbf8 20. Raf1 Nc8 21. Bf6 Nd6 22. Bxg7 Kxg7 23. Nd2 Qe8 24. Qg5 e5 25. R4f3 Rxf3 26. Nxf3 Qe6 27. Bxe6 1-0


[Site "https://www.chess.com"]

[Event "Titled Tuesday Blitz April 18 Early 2023"]
[White "Mikhaylova, Irina"]
[Black "Trakru, Rohun"]
[WhiteFideId "4109040"]
[BlackFideId "2097613"]
[WhiteElo "1975"]
[BlackElo "1852"]
[Result "1-0"]
[Round "01"]
[TimeControl "180+2"]
[Date "2023.04.18"]
[WhiteClock "0:00:11"]
[BlackClock "0:00:03"]

1. Nf3 d5 2. c4 d4 3. e3 c5 4. exd4 cxd4 5. d3 Nc6 6. g3 e5 7. Bg2 g6 8. O-O Bg7 9. Re1 Nge7 10. Bg5 O-O 11. Bxe7 Qxe7 12. Nbd2 f5 13. a3 a5 14. Rb1 a4 15. b4 axb3 16. Qxb3 Rxa3 17. Qc2 Nb4 18. Qb2 Nxd3 19. Qb5 Nxe1 20. Rxe1 e4 21. Nxd4 Bxd4 22. Qd5+ Be6 23. Qxd4 Rd8 24. Qb2 Rad3 25. Nf1 Bxc4 26. Ne3 Bf7 27. h4 Rd2 28. Qc3 h5 29. Bf1 Kh7 30. Bc4 Bxc4 31. Qxc4 Qg7 32. Qb5 Rb2 33. Qc5 b5 34. Ng2 Rbd2 35. Nf4 Rd1 36. Rxd1 Rxd1+ 37. Kg2 Qf7 38. Qxb5 Rd2 39. Qb4 e3 40. Nh3 Qd5+ 41. Kh2 Qd6 42. Ng5+ Kg7 43. Qxd6 Rxd6 44. fxe3 Kf6 45. e4 Ra6 46. exf5 Kxf5 47. Kh3 Ra3 48. Nf7 Ra7 49. Ng5 Ra3 50. Nh7 Ra1 51. Ng5 1-0


[Site "https://www.chess.com"]

[Event "Titled Tuesday Blitz April 18 Early 2023"]
[White "Berezin, Viktor"]
[Black "Fajdetic, Hrvoje"]
[WhiteFideId "14107872"]
[BlackFideId "14501945"]
[WhiteElo "2310"]
[BlackElo "2185"]
[Result "1-0"]
[Round "01"]
[TimeControl "180+2"]
[Date "2023.04.18"]
[WhiteClock "0:00:02"]
[BlackClock "0:00:01"]

1. d4 e6 2. Nf3 f5 3. g3 Nf6 4. Bg2 d6 5. O-O Be7 6. b4 O-O 7. c4 Ne4 8. Bb2 Qe8 9. Nc3 Nxc3 10. Bxc3 Qh5 11. c5 Nd7 12. Qb3 Nf6 13. Bb2 Ne4 14. Rad1 d5 15. Ne5 Qxe2 16. Bf3 Qb5 17. a4 Qe8 18. b5 c6 19. Bg2 Bf6 20. Nd3 Bd7 21. b6 a6 22. Rfe1 g5 23. f3 Qh5 24. fxe4 fxe4 25. Ne5 Bxe5 26. dxe5 Be8 27. Qe3 Bg6 28. Rf1 Bf5 29. Rd2 Rf7 30. Rdf2 Raf8 31. Bc1 h6 32. a5 Kg7 33. Re1 Kg6 34. Bf1 Bg4 35. Rxf7 Rxf7 36. Bg2 Bf3 37. Rf1 g4 38. Bxf3 gxf3 39. Rf2 Rf5 40. Bb2 Qh3 41. Bc3 Rg5 42. Qf4 Rf5 43. Qe3 Kg7 44. Be1 Kg6 45. Rd2 Kg7 46. Qf2 Kg6 47. Rc2 Kg7 48. Bd2 Kg6 49. Bf4 Qg4 50. Kf1 Qh3+ 51. Ke1 h5 52. Kd2 h4 53. Ke3 Qg4 54. Rc1 h3 55. Rg1 Kh5 56. Qf1 Kg6 57. Qf2 Kh5 58. Kd4 Kg6 59. Qe3 Kh5 60. Rf1 Kg6 61. Rf2 Kh5 62. Bh6 Kg6 63. Bf8 Qh5 64. g4 Qxg4 65. Rf1 Rh5 66. Rg1 Qg2 67. Rxg2+ hxg2 68. Be7 Kf7 69. Bf6 Rxh2 70. Qg5 g1=Q+ 71. Qxg1 Rg2 72. Qe3 Re2 73. Qh6 1-0


[Site "https://www.chess.com"]

[Event "Titled Tuesday Blitz April 18 Early 2023"]
[White "Pourkashiyan, Atousa"]
[Black "Sokolovsky, Yahli"]
[WhiteFideId "12502014"]
[BlackFideId "2820242"]
[WhiteElo "2228"]
[BlackElo "2316"]
[Result "0-1"]
[Round "01"]
[TimeControl "180+2"]
[Date "2023.04.18"]
[WhiteClock "0:00:10"]
[BlackClock "0:00:50"]

1. e4 d6 2. d4 Nf6 3. Nc3 g6 4. f4 Bg7 5. Nf3 O-O 6. Bd3 c5 7. d5 e6 8. dxe6 Bxe6 9. O-O Nc6 10. Kh1 Qd7 11. f5 gxf5 12. exf5 Bxf5 13. Ne5 dxe5 14. Bxf5 Qxd1 15. Rxd1 Nd4 16. Bd3 Rac8 17. Bg5 c4 18. Bf1 Ng4 19. Rd2 f6 20. Bh4 Bh6 21. Rad1 Bxd2 22. Rxd2 Ne3 23. Be2 Nxe2 24. Rxe2 Nf5 25. Bf2 Rcd8 26. h3 Nd4 27. Rd2 f5 28. Ne2 Nc6 29. Rxd8 Rxd8 30. Ng3 Rd2 31. Bc5 Rxc2 32. Ba3 Nd4 33. Kh2 Nf3+ 0-1


[Site "https://www.chess.com"]

[Event "Titled Tuesday Blitz April 18 Early 2023"]
[White "Avramidou, Anastasia"]
[Black "Gheorghiu, Calin"]
[WhiteFideId "4239873"]
[BlackFideId "1200305"]
[WhiteElo "2160"]
[BlackElo "2223"]
[Result "1-0"]
[Round "01"]
[TimeControl "180+2"]
[Date "2023.04.18"]
[WhiteClock "0:00:45"]
[BlackClock "0:00:02"]

1. Nf3 d5 2. g3 Nf6 3. Bg2 c5 4. O-O Nc6 5. d4 cxd4 6. Nxd4 e5 7. Nxc6 bxc6 8. c4 Be6 9. Qa4 Qd7 10. Bg5 Rb8 11. Nc3 Rb4 12. Qa6 Rxc4 13. a3 Be7 14. Rac1 O-O 15. b3 Rc5 16. Bxf6 gxf6 17. e3 Rb8 18. b4 Rc4 19. Na4 Rxc1 20. Rxc1 Rc8 21. Nc5 Bxc5 22. Rxc5 Kg7 23. h4 f5 24. Qd3 f4 25. exf4 exf4 26. Qd4+ Kg8 27. Qxf4 Qe7 28. Qe5 Qd7 29. Qd4 Bg4 30. b5 cxb5 31. Rxd5 Qe6 32. Rg5+ Kf8 33. Qxg4 Rc1+ 34. Kh2 Qe1 35. Qb4+ Ke8 36. Qxe1+ Rxe1 37. Rxb5 Re2 38. f4 Re3 39. Re5+ Rxe5 40. fxe5 Ke7 41. Be4 h6 42. Bf5 1-0


[Site "https://www.chess.com"]

[Event "Titled Tuesday Blitz April 18 Early 2023"]
[White "Tyagi, Kushan"]
[Black "Kozin, Yuri"]
[WhiteFideId "2040069"]
[BlackFideId "4129920"]
[WhiteElo "2294"]
[BlackElo "2609"]
[Result "0-1"]
[Round "01"]
[TimeControl "180+2"]
[Date "2023.04.18"]
[WhiteClock "0:00:03"]
[BlackClock "0:00:07"]

1. d4 d5 2. c4 c6 3. Nf3 Nf6 4. Qb3 e6 5. Nc3 Nbd7 6. g3 Be7 7. Bg2 O-O 8. O-O b6 9. Rd1 Ba6 10. cxd5 cxd5 11. Ne5 Nxe5 12. dxe5 Ng4 13. e4 Bc5 14. Rd2 d4 15. Na4 Nxe5 16. Nxc5 bxc5 17. f4 Ng4 18. Qa4 Qb6 19. b3 Ne3 20. Bf3 c4 21. Ba3 Rfd8 22. bxc4 Nxc4 23. Rdd1 d3+ 24. Kh1 Bb5 25. Qb4 Nxa3 26. Qxa3 Qe3 27. Bg2 Bc6 28. Re1 Qf2 29. Rad1 d2 30. Rf1 Qe2 31. Qf3 Bb5 32. Rf2 Qc4 33. Rfxd2 Rxd2 34. Rxd2 g6 35. Qb3 Qc1+ 36. Rd1 Qc5 37. h3 Rc8 38. Kh2 a6 39. Qb2 Qb6 40. Rc1 Rxc1 41. Qxc1 Qf2 42. a3 h5 43. Qg1 Qb2 44. Qe3 Bf1 45. Qf3 Bxg2 46. Qxg2 Qxa3 47. Qc2 a5 48. Qc8+ Kg7 49. Qc2 Qb4 50. g4 hxg4 51. hxg4 a4 52. Qc7 a3 53. Qe5+ Kh7 54. Qc7 Qb2+ 55. Kg3 Kg7 56. e5 a2 57. Qe7 Qc3+ 58. Kg2 Qd2+ 59. Kf3 a1=Q 60. Qf6+ Kg8 0-1


[Site "https://www.chess.com"]

[Event "Titled Tuesday Blitz April 18 Early 2023"]
[White "Kucuksari, Kaan"]
[Black "De Souza, Cristiano Gomes"]
[WhiteFideId "6380166"]
[BlackFideId "2151758"]
[WhiteElo "2364"]
[BlackElo "2068"]
[Result "1-0"]
[Round "01"]
[TimeControl "180+2"]
[Date "2023.04.18"]
[WhiteClock "0:00:10"]
[BlackClock "0:00:56"]

1. e4 c5 2. Nf3 d6 3. d4 cxd4 4. Nxd4 Nf6 5. Nc3 g6 6. Be3 Bg7 7. f3 O-O 8. Qd2 Nc6 9. O-O-O d5 10. Nxc6 bxc6 11. Bd4 dxe4 12. fxe4 Qa5 13. Kb1 Be6 14. Nd5 Qxd2 15. Nxe7+ Kh8 16. Rxd2 Nxe4 17. Bxg7+ Kxg7 18. Rd4 Nf2 19. Rg1 Rad8 20. Nxc6 Rxd4 21. Nxd4 Bc8 22. Bc4 Rd8 23. c3 Ne4 24. Kc2 f5 25. Re1 Kf6 26. Re2 h5 27. a4 Nc5 28. a5 Ne4 29. b4 Rd7 30. Bd3 Bb7 31. a6 Ba8 32. b5 Rc7 33. Bxe4 Bxe4+ 34. Kb3 Ke5 35. Nc6+ Kf4 36. g3+ Kf3 37. Nd4+ Kg4 38. Re3 Kh3 39. c4 Kxh2 40. Kb4 g5 41. c5 h4 42. gxh4 gxh4 43. b6 axb6 44. cxb6 Rd7 45. Rxe4 fxe4 46. b7 Rxd4+ 47. Kc5 e3 48. Kxd4 e2 49. b8=Q+ Kg1 50. Qe5 Kf2 51. Qf4+ Kg2 52. Qxh4 Kf1 53. Qh1+ Kf2 54. Qh2+ Kf3 55. Qh5+ Kf2 56. Qf5+ Kg1 57. Qg4+ Kf1 58. Qf3+ Ke1 59. Ke3 Kd1 60. Qxe2+ Kc1 61. Qd2+ Kb1 62. Kd3 1-0


[Site "https://www.chess.com"]

[Event "Titled Tuesday Blitz April 18 Early 2023"]
[White "Makhmudov, Shukhrat"]
[Black "Munkhgal, Gombosuren"]
[WhiteFideId "14200775"]
[BlackFideId "4901266"]
[WhiteElo "2135"]
[BlackElo "2528"]
[Result "0-1"]
[Round "01"]
[TimeControl "180+2"]
[Date "2023.04.18"]
[WhiteClock "0:01:03"]
[BlackClock "0:01:55"]

1. e4 d6 2. d4 Nf6 3. Nc3 g6 4. Bg5 Bg7 5. Qd2 h6 6. Bxf6 Bxf6 7. Nf3 a6 8. a3 Bg7 9. Bd3 O-O 10. h3 b5 11. O-O Bb7 12. Rfe1 c5 13. dxc5 dxc5 14. Rad1 c4 15. Bf1 Nc6 16. Nd5 e6 17. Nc3 Qb6 18. Qc1 Rad8 19. Rxd8 Rxd8 20. Rd1 Rxd1 21. Nxd1 Qc5 22. c3 Ne5 23. Nxe5 Qxe5 24. f3 Bf8 25. Kh1 Bd6 26. Kg1 Qh2+ 27. Kf2 Bc5+ 28. Ne3 f5 29. Qd2 Qc7 30. exf5 exf5 31. Ke1 Qe7 0-1


[Site "https://www.chess.com"]

[Event "Titled Tuesday Blitz April 18 Early 2023"]
[White "Kim, Sergey"]
[Black "Prudnykova, Olga"]
[WhiteFideId "13700570"]
[BlackFideId "14121093"]
[WhiteElo "2606"]
[BlackElo "2113"]
[Result "1-0"]
[Round "01"]
[TimeControl "180+2"]
[Date "2023.04.18"]
[WhiteClock "0:02:41"]
[BlackClock "0:01:21"]

1. d4 Nf6 2. c4 g6 3. Nc3 d5 4. cxd5 Nxd5 5. e4 Nxc3 6. bxc3 Bg7 7. Bc4 c5 8. Ne2 Nc6 9. Be3 O-O 10. O-O Bg4 11. f3 Na5 12. Bd3 cxd4 13. cxd4 Be6 14. Qd2 Nc4 15. Bxc4 Bxc4 16. Rfd1 e6 17. Ng3 b5 18. Bh6 Qb6 19. Bxg7 Kxg7 20. Qg5 h6 21. Nh5+ Kh7 22. Nf6+ Kg7 23. Qe5 Rad8 24. Nh5+ Kh7 25. Qg7# 1-0


[Site "https://www.chess.com"]

[Event "Titled Tuesday Blitz April 18 Early 2023"]
[White "Prieto Aranguren, Alain"]
[Black "Kvaloy, Aksel Bu"]
[WhiteFideId "2268906"]
[BlackFideId "1528815"]
[WhiteElo "2209"]
[BlackElo "2208"]
[Result "1/2-1/2"]
[Round "01"]
[TimeControl "180+2"]
[Date "2023.04.18"]
[WhiteClock "0:00:19"]
[BlackClock "0:00:07"]

1. d4 Nf6 2. c4 e6 3. Nc3 Bb4 4. Bd2 O-O 5. e3 d5 6. cxd5 exd5 7. Nf3 b6 8. Bd3 Bb7 9. Ne5 Bd6 10. f4 c5 11. O-O Nc6 12. Nxc6 Bxc6 13. Qf3 Qe7 14. Be1 Ne4 15. Bxe4 dxe4 16. Qd1 cxd4 17. Qxd4 Bc5 18. Qd2 Rad8 19. Qe2 Rd3 20. Bf2 Rfd8 21. Rfd1 h6 22. Rac1 Qd7 23. Kh1 Rd2 24. Rxd2 Qxd2 25. Rd1 Qxd1+ 26. Nxd1 Bb5 27. Qxb5 Rxd1+ 28. Bg1 f5 29. Qe2 Ra1 30. a3 a5 31. h3 g5 32. fxg5 hxg5 33. Kh2 Kg7 34. Bf2 Kf6 35. Bg3 f4 36. b4 fxg3+ 37. Kxg3 Bd6+ 38. Kg4 axb4 39. axb4 Be5 40. Qf2+ Ke6 41. Qf5+ Kd5 42. Kxg5 Ra7 43. Qc8 Rg7+ 44. Kh6 Rxg2 45. Qb7+ Ke6 46. Qxe4 Rg3 47. h4 Kf6 48. h5 Rg8 49. Qh4+ Kf5 50. Qh3+ Kf6 51. Qf3+ Ke6 52. Qe4 Kf6 53. Qc6+ Kf5 54. Qd7+ Kf6 55. Qc6+ Kf5 56. Qf3+ Ke6 57. Kh7 Rh8+ 58. Kg6 Rg8+ 59. Kh7 Rh8+ 60. Kg6 Rg8+ 61. Kh7 1/2-1/2


[Site "https://www.chess.com"]

[Event "Titled Tuesday Blitz April 18 Early 2023"]
[White "Atanasov, Anthony"]
[Black "Nery Junior, Jose Antonio"]
[WhiteFideId "2623897"]
[BlackFideId "2104822"]
[WhiteElo "2326"]
[BlackElo "2197"]
[Result "1-0"]
[Round "01"]
[TimeControl "180+2"]
[Date "2023.04.18"]
[WhiteClock "0:02:40"]
[BlackClock "0:00:53"]

1. d4 d5 2. Bf4 c5 3. e3 Nc6 4. Nf3 Nf6 5. Nbd2 Bg4 6. c3 e6 7. Qb3 Qb6 8. Qxb6 axb6 9. Bb5 Nd7 10. Ne5 Ndxe5 11. Bxe5 f6 12. Bc7 Ra5 13. a4 Kd7 14. Bxb6 Ra8 15. dxc5 Be7 16. f3 Bh5 17. c4 Bf7 18. b4 Bd8 19. Bxd8 Rhxd8 20. cxd5 exd5 21. Nb3 Kc7 22. Bxc6 bxc6 23. Kd2 Rab8 24. Kc3 Rb7 25. Nd4 Rdb8 26. b5 cxb5 27. axb5 Rxb5 28. Nxb5+ Rxb5 29. Ra7+ 1-0


[Site "https://www.chess.com"]

[Event "Titled Tuesday Blitz April 18 Early 2023"]
[White "Smietanska, Wiktoria"]
[Black "Bodnaruk, Anastasia"]
[WhiteFideId "21869359"]
[BlackFideId "4181751"]
[WhiteElo "1995"]
[BlackElo "2310"]
[Result "0-1"]
[Round "01"]
[TimeControl "180+2"]
[Date "2023.04.18"]
[WhiteClock "0:01:18"]
[BlackClock "0:01:32"]

1. c4 Nf6 2. Nc3 g6 3. g3 Bg7 4. Bg2 O-O 5. e4 d6 6. Nge2 e5 7. O-O c5 8. d3 Nc6 9. f4 Nd4 10. Nxd4 cxd4 11. Ne2 Bd7 12. f5 gxf5 13. exf5 Bc6 14. Bh3 d5 15. cxd5 Qxd5 16. Kf2 Rfe8 17. g4 Qf3+ 18. Ke1 Qxh3 19. g5 Ng4 20. f6 Bf8 21. Ng3 Bb4+ 22. Bd2 Ne3 23. Rg1 Nxd1 0-1


[Site "https://www.chess.com"]

[Event "Titled Tuesday Blitz April 18 Early 2023"]
[White "Girya, Olga"]
[Black "ilya2700"]
[WhiteFideId "4195752"]
[WhiteElo "2263"]
[BlackElo "2282"]
[Result "1-0"]
[Round "01"]
[TimeControl "180+2"]
[Date "2023.04.18"]
[WhiteClock "0:00:10"]
[BlackClock "0:00:01"]

1. d4 Nf6 2. Nf3 g6 3. Bg5 Bg7 4. Nbd2 d5 5. Bxf6 Bxf6 6. e4 dxe4 7. Nxe4 Bg7 8. Bc4 O-O 9. c3 Nd7 10. O-O b6 11. Re1 Bb7 12. Qe2 e6 13. Rad1 Nf6 14. Neg5 h6 15. Nxf7 Rxf7 16. Bxe6 Bd5 17. Bxf7+ Bxf7 18. Ne5 Qf8 19. Nxf7 Qxf7 20. Qf3 Rf8 21. d5 Qd7 22. Re6 Nh5 23. Qg4 Nf4 24. Rxg6 Rf5 25. Re6 Rxd5 26. Rxd5 Qxd5 27. Re1 Qf7 28. Qf3 Ng6 29. Qa8+ Kh7 30. Qxa7 Be5 31. Qb7 Qf4 32. g3 Qd2 33. Qe4 Bg7 34. h4 h5 35. Re2 Qc1+ 36. Kg2 Qd1 37. Qf3 Qd6 38. Qxh5+ Kg8 39. Re8+ Kf7 40. Re3 1-0


[Site "https://www.chess.com"]

[Event "Titled Tuesday Blitz April 18 Early 2023"]
[White "Barwinska, Ewa"]
[Black "Shevtchenko, Olesya"]
[WhiteFideId "21833761"]
[BlackFideId "24131890"]
[WhiteElo "1908"]
[BlackElo "2003"]
[Result "1-0"]
[Round "01"]
[TimeControl "180+2"]
[Date "2023.04.18"]
[WhiteClock "0:00:08"]
[BlackClock "0:00:08"]

1. e4 c6 2. d4 d5 3. Nc3 dxe4 4. Nxe4 Nf6 5. Nxf6+ exf6 6. c3 Bd6 7. Bd3 Na6 8. Qc2 h5 9. Ne2 Kf8 10. Be3 Nc7 11. O-O-O h4 12. g3 h3 13. c4 b5 14. c5 Be7 15. Nf4 Nd5 16. Nxd5 Qxd5 17. Be4 Qxa2 18. Bxc6 Rb8 19. Bf4 Rb7 20. Bxb7 Bxb7 21. Rhe1 Bd5 22. Re3 Qa1+ 23. Qb1 Qa6 24. Rde1 g5 25. Rxe7 gxf4 26. gxf4 Be6 27. Rc7 Rh5 28. Rd1 Qa5 29. Rc6 Qb4 30. Rxe6 fxe6 31. Qg6 Qc4+ 32. Kb1 Rf5 33. Qh6+ Ke7 34. Qxh3 b4 35. Qh7+ Kd8 36. Qg8+ Kc7 37. Qf7+ Kc6 38. Qe8+ Kd5 39. Qa8# 1-0


[Site "https://www.chess.com"]

[Event "Titled Tuesday Blitz April 18 Early 2023"]
[White "Carnicelli, Valerio"]
[Black "Thomas, Anysia"]
[WhiteFideId "856185"]
[BlackFideId "670472"]
[WhiteElo "2319"]
[BlackElo "2091"]
[Result "1/2-1/2"]
[Round "01"]
[TimeControl "180+2"]
[Date "2023.04.18"]
[WhiteClock "0:00:06"]
[BlackClock "0:00:22"]

1. b3 d5 2. Bb2 Nd7 3. e3 Ngf6 4. Nf3 g6 5. c4 c6 6. cxd5 cxd5 7. Bb5 Bg7 8. Ne5 O-O 9. Nxd7 Bxd7 10. Bxd7 Qxd7 11. O-O Rfe8 12. d3 e5 13. Nd2 Rac8 14. Rc1 Qb5 15. Rxc8 Rxc8 16. Qb1 Ng4 17. h3 Nh6 18. Rc1 Rxc1+ 19. Qxc1 Qc6 20. Nf3 Qxc1+ 21. Bxc1 Nf5 22. Bb2 e4 23. dxe4 dxe4 24. Bxg7 Kxg7 25. Nd2 Nd6 26. Kf1 f5 27. Ke2 Kf6 28. Kd1 Ke5 29. Kc2 g5 30. Kc3 b5 31. Kb4 f4 32. Kc5 fxe3 33. fxe3 h5 34. Nf1 a5 35. a4 bxa4 36. bxa4 g4 37. hxg4 hxg4 38. Ng3 Nb7+ 39. Kc6 Nd6 40. Kc5 Nb7+ 41. Kc4 Nd6+ 42. Kc3 Nb7 43. Kc4 Nd6+ 44. Kc5 1/2-1/2


[Site "https://www.chess.com"]